 Dungeon Crawl Stone Soup version 0.15-a0-429-gf5d7e11 (webtiles) character file.

7145 4tharraofdagon the Conjurer (level 11, -16/54 HPs)
             Began as a Tengu Fire Elementalist on May 6, 2014.
             Was a Believer of Vehumet.
             Shot with an arrow by a centaur warrior (19 damage)
             ... on Level 15 of the Dungeon.
             The game lasted 00:41:24 (3833 turns).

4tharraofdagon the Conjurer (TeFE)                  Turns: 3833, Time: 00:41:24

HP -16/54        AC  8     Str  9      XL: 11   Next:  9%
MP  13/31        EV 12     Int 24      God: Vehumet [**....]
Gold 109         SH  0     Dex 14      Spells:  6 memorised, 13 levels left

rFire  . . .     SeeInvis .     g - +1 dagger (protect)
rCold  . . .     Clarity  .     a - +0 robe (curse)
rNeg   . . .     Conserve .     (no shield)
rPois  .         rCorr    .     (helmet restricted)
rElec  .         rRot     .     (no cloak)
SustAb . .       Spirit   .     o - +0 pair of gloves
rMut   .         Warding  .     (boots unavailable)
Saprov . . .     Stasis   .     e - amulet of rage
MR     .....                    (no ring)
                                d - +5 ring of intelligence

@: invisible, very slightly contaminated, not resistant to hostile enchantments,
unstealthy
A: able to fly, beak, talons 3
a: Fly, Renounce Religion, Evoke Berserk Rage


You were on level 15 of the Dungeon.
You worshipped Vehumet.
Vehumet was pleased with you.
You were not hungry.

You visited 2 branches of the dungeon, and saw 15 of its levels.

You collected 237 gold pieces.
You spent 128 gold pieces at shops.

Inventory:

Hand weapons
 g - a +1,+1 dagger of protection (weapon)
 t - a +1,+1 flail of holy wrath
Armour
 a - a cursed +0 robe (worn)
 o - a +0 pair of gloves (worn)
 p - a +0 pair of boots
 D - a +2 pair of gloves
Magical devices
 f - a wand of frost (5)
 j - a wand of paralysis (9)
 m - a wand of fireball (0)
 u - a wand of fireball (0)
 B - a wand of invisibility (0)
 F - a wand of confusion (11)
Comestibles
 c - 6 bread rations
 s - 3 meat rations
 H - a chunk of iguana flesh
 K - 6 beef jerkies
Scrolls
 l - a scroll of enchant armour
 n - a scroll of fog
 r - a scroll of teleportation
 v - 2 scrolls of remove curse
 y - 2 scrolls of enchant weapon I
 A - a scroll of identify
 J - a scroll of noise
Jewellery
 d - a +5 ring of intelligence (left hand)
 e - an amulet of rage (around neck)
Potions
 h - a potion of paralysis
 i - a potion of berserk rage
 k - a potion of lignification
 x - 2 potions of brilliance
 C - a potion of curing
 I - a potion of haste {unknown}
Books
 b - a book of Flames

   Spells                             Type                      Level
   *Flame Tongue                      Conjuration/Fire             1
   Throw Flame                        Conjuration/Fire             2
   *Conjure Flame                     Conjuration/Fire             3
   Inner Flame                        Hexes/Fire                   3
   *Sticky Flame                      Conjuration/Fire             4
   *Fireball                          Conjuration/Fire             5
 q - a book of Battle

   Spells                             Type                      Level
   Infusion                           Charms                       1
   Shroud of Golubria                 Charms/Translocation         2
   Song of Slaying                    Charms                       2
   Spectral Weapon                    Hexes/Charms                 3
   *Regeneration                      Charms/Necromancy            3
 w - Mnicac's Guide on Ghastly Good Luck
   (You found it on level 8 of the Dungeon)

   Spells                             Type                      Level
   *Swiftness                         Charms/Air                   2
   *Regeneration                      Charms/Necromancy            3
   Excruciating Wounds                Charms/Necromancy            5
   Iskenderun's Battlesphere          Conjuration/Charms           5
   Dispel Undead                      Necromancy                   5
 G - a book of Hinderance

   Spells                             Type                      Level
   Confusing Touch                    Hexes                        1
   Confuse                            Hexes                        3
   Petrify                            Transmutation/Earth          4
   Leda's Liquefaction                Hexes/Earth                  4
   Metabolic Englaciation             Hexes/Ice                    5
   Summon Mana Viper                  Hexes/Summoning              5


   Skills:
 - Level 2.1 Dodging
 - Level 2.0 Stealth
 * Level 10.7 Spellcasting
 + Level 11.1 Conjurations
 + Level 9.9 Fire Magic


You had 13 spell levels left.
You knew the following spells:

 Your Spells              Type           Power        Failure   Level  Hunger
a - Flame Tongue          Conj/Fire      #####        1%          1    None
b - Conjure Flame         Conj/Fire      ######..     1%          3    None
c - Sticky Flame          Conj/Fire      ######..     1%          4    None
d - Fireball              Conj/Fire      ######....   1%          5    ###....
e - Regeneration          Chrm/Necr      ##........   17%         3    None
f - Swiftness             Chrm/Air       ##......     10%         2    None


Dungeon Overview and Level Annotations

Branches:
Dungeon (15/15)            Temple (1/1) D:5             Orc (0/4) D:10
   Lair: D:8-11      Vaults: D:13-14     Depths: D:15

Altars:
Ashenzari
Cheibriados
Dithmenos
Elyvilon
Kikubaaqudgha
Makhleb
Nemelex Xobeh
Okawaru
Sif Muna
Vehumet
Xom
Yredelemnul
Zin
The Shining One
Beogh

Shops:
D:10 *

Annotations:
D:4 Sigmund
D:10 zhaba's ghost, powerful SpAs


Innate Abilities, Weirdness & Mutations

You can fly.
You have a beak for a mouth.
You have claws for feet.


Message History

The centaur shouts!
The centaur warrior wields a longbow.
The centaur warrior shoots an arrow.
The arrow hits you but does no damage.
Found a scroll labeled YPOIXZ VIPEI.
A hog and a centaur come into view.
Unknown command.
Unknown command.
Enter note: yes Drink which item? (? for menu, Esc to quit)
Okay, then.
Drink which item? (? for menu, Esc to quit)
Okay, then.
Evoke which item? (* to show all) (? for menu, Esc to quit)
Zapping:
B - a wand of invisibility {zapped: 1}
Press: ? - help, Shift-Dir - straight line, f - you You fade into invisibility!
The centaur wields a bow.
The centaur shoots an arrow.
The arrow completely misses you.
The centaur warrior shoots an arrow.
The arrow hits you!
You die...

........ ≈.......b
#≈......b. #;......Q.
≈;.......( .......Q...
........§Y.
.###########++####.......
.....cc.@....h..##....Y..
......c.......?..+....C(.
.##########..#. #.!.....
.# #[...... #.......
....... ?..


You could see a centaur warrior, a hog and 2 centaurs.

Vanquished Creatures
  Pikel (D:7)
  3 hill giants
  A cyclops (D:15)
  A centaur skeleton (D:15)
  A two-headed ogre (D:8)
  A deep elf mage (D:10)
  A wraith (D:10)
  5 yaks (D:14)
  2 hippogriffs
  Menkaure (D:5)
  2 sky beasts
  An orc warrior (D:10)
  2 slaves (D:7)
  A black bear (D:7)
  10 ogres
  2 phantoms
  A centaur (D:6)
  A big kobold (D:9)
  5 giant frogs
  A scorpion (D:5)
  A troll skeleton (D:10)
  3 wights (D:11)
  A hippogriff skeleton (D:6)
  A goliath beetle (D:10)
  2 hounds
  An elf zombie (D:10)
  2 jellies
  3 orc priests
  5 iguanas
  6 worker ants
  5 orc wizards
  Ijyb (D:5)
  Jessica (D:3)
  A scorpion zombie (D:6)
  5 adders
  8 gnolls
  A worker ant zombie (D:7)
  A worm zombie (D:5)
  A shadow imp (D:14)
  A giant mite (D:5)
  3 worms
  An adder skeleton (D:5)
  A giant eyeball (D:5)
  A giant gecko (D:6)
  An ooze (D:3)
  12 orcs
  A giant cockroach (D:2)
  5 goblins
  10 hobgoblins
  2 jackals (D:5)
  9 kobolds
  A quokka (D:3)
  9 bats
  2 giant spores
  2 hobgoblin skeletons
  A kobold zombie (D:6)
  An orc zombie (D:5)
  6 rats
  A ballistomycete (D:10)
162 creatures vanquished.

Vanquished Creatures (others)
  A scorpion (D:7)
  A gnoll (D:7)
2 creatures vanquished.

Grand Total: 164 creatures vanquished

Notes
Turn   | Place    | Note
--------------------------------------------------------------
     0 | D:1      | 4tharraofdagon, the Tengu Fire Elementalist, began the quest for the Orb.
     0 | D:1      | Reached XP level 1. HP: 10/10 MP: 3/3
   213 | D:2      | Reached XP level 2. HP: 15/15 MP: 1/5
   296 | D:2      | Reached skill level 4 in Fire Magic
   296 | D:2      | Reached XP level 3. HP: 17/19 MP: 0/7
   301 | D:2      | Learned a level 3 spell: Conjure Flame
   370 | D:3      | Found a shimmering altar of Xom.
   443 | D:3      | Noticed Jessica
   462 | D:3      | Killed Jessica
   462 | D:3      | Reached XP level 4. HP: 5/24 MP: 2/9
   520 | D:4      | Noticed Sigmund
   552 | D:3      | Found a basalt altar of Yredelemnul.
   582 | D:3      | i have that feelin
   582 | D:3      | about this char
   638 | D:5      | Entered Level 5 of the Dungeon
   638 | D:5      | Noticed Ijyb
   731 | D:4      | Noticed an ogre
   748 | D:4      | Killed an ogre
   748 | D:4      | Reached XP level 5. HP: 28/28 MP: 0/13
   767 | D:4      | Learned a level 4 spell: Sticky Flame
   960 | D:5      | Noticed an ogre
   970 | D:5      | Killed an ogre
   970 | D:5      | Reached XP level 6. HP: 27/32 MP: 6/16
   989 | D:5      | Reached skill level 5 in Fire Magic
  1008 | D:5      | Learned a level 5 spell: Fireball
  1032 | D:5      | Noticed an ogre
  1059 | D:5      | Killed an ogre
  1059 | D:5      | Reached skill level 5 in Conjurations
  1179 | D:5      | Reached XP level 7. HP: 32/36 MP: 10/18
  1191 | D:5      | Noticed a phantom
  1198 | D:5      | Killed a phantom
  1279 | D:6      | Found a shattered altar of Ashenzari.
  1321 | D:6      | Reached skill level 5 in Spellcasting
  1639 | D:7      | Noticed Pikel
  1642 | D:7      | Reached skill level 6 in Conjurations
  1642 | D:7      | Reached XP level 8. HP: 39/41 MP: 17/22
  1682 | D:7      | Killed Pikel
  1753 | D:7      | Reached skill level 7 in Conjurations
  1809 | D:7      | Found a basalt altar of Yredelemnul.
  1992 | D:5      | Reached XP level 9. HP: 37/45 MP: 20/25
  2193 | D:5      | Noticed Menkaure
  2196 | D:5      | Noticed an ogre
  2198 | D:5      | Killed Menkaure
  2205 | D:5      | Killed an ogre
  2205 | D:5      | Reached skill level 8 in Conjurations
  2220 | D:5      | Found a burning altar of Makhleb.
  2226 | D:5      | Killed Ijyb
  2244 | D:5      | Found a staircase to the Ecumenical Temple.
  2252 | Temple   | Entered the Ecumenical Temple
  2257 | Temple   | Became a worshipper of Vehumet
  2290 | D:4      | Noticed an ogre
  2297 | D:4      | Killed an ogre
  2526 | D:8      | Found a glowing golden altar of the Shining One.
  2551 | D:8      | Learned a level 3 spell: Regeneration
  2572 | D:10     | Entered Level 10 of the Dungeon
  2677 | D:8      | Reached skill level 9 in Conjurations
  2735 | D:9      | Found a shadowy altar of Dithmenos.
  2800 | D:9      | Found a burning altar of Makhleb.
  2828 | D:8      | Identified Mnicac's Guide on Ghastly Good Luck
  2841 | D:8      | Learned a level 2 spell: Swiftness
  2869 | D:10     | Found Hayruxyd's Assorted Antiques.
  2877 | D:10     | Acquired Vehumet's first power
  2877 | D:10     | Offered knowledge of Magic Dart by Vehumet.
  2896 | D:10     | Bought 2 scrolls labeled QETUSSERIU for 64 gold pieces
  2896 | D:10     | Bought a scroll of identify for 64 gold pieces
  2985 | D:10     | Reached XP level 10. HP: 42/50 MP: 17/28
  3015 | D:10     | Found a staircase to the Orcish Mines.
  3028 | D:10     | Found a roughly hewn altar of Beogh.
  3070 | D:10     | Noticed zhaba's ghost (powerful SpAs)
  3223 | D:10     | Offered knowledge of Searing Ray by Vehumet.
  3271 | D:11     | Reached skill level 10 in Conjurations
  3380 | D:12     | You fall through a shaft for 3 floors!
  3380 | D:15     | Entered Level 15 of the Dungeon
  3380 | D:15     | Noticed a cyclops
  3381 | D:15     | WTF
  3388 | D:15     | Killed a cyclops
  3521 | D:15     | Noticed a hill giant
  3537 | D:15     | Killed a hill giant
  3600 | D:14     | Reached skill level 10 in Spellcasting
  3672 | D:14     | Noticed a hill giant
  3675 | D:14     | Noticed a hill giant
  3684 | D:14     | Killed a hill giant
  3684 | D:14     | Reached skill level 11 in Conjurations
  3684 | D:14     | Reached XP level 11. HP: 12/54 MP: 7/31
  3703 | D:14     | Killed a hill giant
  3827 | D:15     | Noticed a hill giant
  3827 | D:15     | Noticed a tengu warrior
  3828 | D:15     | :(
  3828 | D:15     | WTF
  3828 | D:15     | i couldnt do nothing
  3828 | D:15     | ...
  3832 | D:15     | Noticed a centaur warrior
  3833 | D:15     | yes
  3833 | D:15     | Shot with an arrow by a centaur warrior

Action                   |  1- 3 |  4- 6 |  7- 9 | 10-12 || total
-------------------------+-------+-------+-------+-------++-------
Melee: Unarmed           |     2 |       |       |       ||     2
       Dagger            |    25 |    42 |   117 |    42 ||   226
 Cast: Flame Tongue      |    29 |    25 |    47 |    28 ||   129
       Conjure Flame     |       |     2 |    15 |    11 ||    28
       Sticky Flame      |       |     6 |    29 |    17 ||    52
       Fireball          |       |       |     5 |     8 ||    13
       Regeneration      |       |       |       |     5 ||     5
 Abil: Fly               |       |     2 |     3 |     3 ||     8
Evoke: Wand              |       |       |     9 |     7 ||    16
  Use: Scroll            |     3 |     1 |     6 |     6 ||    16
       Potion            |     2 |       |       |     5 ||     7
 Stab: Sleeping          |       |       |       |     1 ||     1

Vault maps used:
D:1:      matt_arrival_los_fun, interstate_on_off
D:2:      tgw_trog
D:3:      led_xom_imps, old_standard_altar, uniq_jessica
D:4:      uniq_sigmund
D:5:      minmay_temple_entry_crystal_x, first_bread, basic_altar, uniq_iyjb,
          uniq_menkaure
D:6:      fedhas_altar_4, kennysheep_mini
D:7:      basic_altar, uniq_pikel
D:8:      tso_oasis_becter
D:9:      kennysheep_mini_moat, grunt_dithmenos_smoke
D:10:     minmay_orc_entry_temple_small, serial_shops, nicolae_shop_stone
D:11:     lair_0_dummy, basic_altar
D:12:     enter_bailey_1
D:14:     hangedman_abyss_or_decor_lesser_grid, grunt_ogre_cave
D:15:     grunt_enter_depths_magical_seal
Temple:   temple_eino_lava_8
